 Dungeon Crawl Stone Soup version 0.29-a0-757-g358383bc75 (webtiles) character file.

Game seed: 9716221264915992455

207 scionoferis the Conjurer (level 5, -4/38 HPs)
             Began as a Draconian Conjurer on June 30, 2022.
             Slain by a bullfrog (7 damage)
             ... in a sewer.
             The game lasted 00:14:41 (2242 turns).

scionoferis the Conjurer (Draconian Conjurer)       Turns: 2242, Time: 00:14:42

Health: -4/38      AC:  5    Str: 16    XL:     5   Next: 54%
Magic:  10/10      EV: 12    Int: 20    God:
Gold:   72         SH:  0    Dex:  9    Spells: 5/10 levels left

rFire   . . .      SeeInvis .   c - +2 short sword (venom)
rCold   . . .      Faith    .   (no shield)
rNeg    . . .      Spirit   .   (body armour unavailable)
rPois   .          Reflect  .   (helmet restricted)
rElec   .          Harm     .   (no cloak)
rCorr   .          Rampage  .   (no gloves)
Will    .....                   (no boots)
Stlth   +.........              h - amulet of magic regeneration
HPRegen 0.12/turn               m - +6 ring of strength
MPRegen 0.52/turn               (no ring)

@: brilliant, about to teleport, very slow
A: AC +5, unfitting armour, cold-blooded, deterioration 1, high MP 1, passive
freeze
a: no special abilities


You were in a sewer.
You visited 1 branch of the dungeon, and saw 3 of its levels.
You also visited: Sewer.

You collected 72 gold pieces.

Inventory:

Hand Weapons
 b - a +0 dagger
 c - a +2 short sword of venom (weapon)
Armour
 p - a +0 pair of gloves
Jewellery
 h - an amulet of magic regeneration (around neck)
 m - a +6 ring of strength (left hand)
 n - a ring of fire
Scrolls
 e - a scroll of enchant weapon {unknown}
 i - 2 scrolls of identify
 l - a scroll of silence {unknown}
Potions
 a - a potion of magic
 d - 2 potions of brilliance
 g - 2 potions of mutation
 j - 2 potions of degeneration {unknown}
 k - a potion of curing {unknown}
 o - 2 potions of heal wounds {unknown}


   Skills:
 + Level 0.9 Short Blades
 + Level 2.5 Dodging
 + Level 2.8 Stealth
 * Level 3.3 Spellcasting
 * Level 4.7 Conjurations
 + Level 1.2 Hexes
 + Level 0.9 Ice Magic


You had 5 spell levels left.
You knew the following spells:

 Your Spells              Type           Power      Damage    Failure   Level
a - Magic Dart            Conj           100%       1d8       1%          1
b - Searing Ray           Conj           66%        2d6       3%          2
c - Ensorcelled Hibernat  Hex/Ice        22%        N/A       14%         2

Your spell library contained the following spells:

 Spells                   Type           Power      Damage    Failure   Level
 Dazzling Flash           Conj/Hex       44%        N/A       12%         3
 Spider Form              Tmut/Pois      4%         N/A       38%         3
 Fulminant Prism          Conj/Hex       11%        3d9       38%         4
 Iskenderun's Mystic Bla  Conj/Tloc      19%        2d6       45%         4
 Anguish                  Hex/Necr       4%         N/A       71%         4


Dungeon Overview and Level Annotations

Branches:
Dungeon (3/15)              Sewer (1/1)

Altars:

Shops:
D:2 (


Innate Abilities, Weirdness & Mutations

Your plain brown scales are hard. (AC +5)
You cannot fit into any form of body armour.
You are cold-blooded and may be slowed by cold attacks.
Your body sometimes deteriorates upon taking damage.
You have an increased reservoir of magic. (+10% MP)
A frigid envelope surrounds you and freezes all who hurt you.


Message History

Your surroundings suddenly seem different.
Splash!
The ball python hisses angrily.
As you read the scroll of teleportation, it crumbles to dust.
You feel strangely unstable. The ball python closely misses you.
The ball python grabs you. The ball python constricts you.
The bullfrog closely misses you. The bullfrog hits you.
* * * LOW HITPOINT WARNING * * *
The ball python bites you.
* * * LOW HITPOINT WARNING * * *
The ball python constricts you. The bullfrog hits you.
* * * LOW HITPOINT WARNING * * *
The frilled lizard bites you.
* * * LOW HITPOINT WARNING * * *
Unknown command.
It was a potion of mutation.
You feel extremely strange.
Your skin feels very cold.
You feel more energetic.
You feel yourself wasting away. The bullfrog closely misses you.
The bullfrog hits you but does no damage.
The bullfrog is very cold.
The bullfrog is lightly wounded.
The ball python barely misses you. The ball python constricts you.
The endoplasm splashes around in the water.
The frilled lizard bites you but does no damage.
The frilled lizard is very cold.
You kill the frilled lizard!
The bullfrog completely misses you. The bullfrog barely misses you.
It was a potion of brilliance.
You feel clever all of a sudden.
The ball python bites you but does no damage.
The ball python is very cold.
You kill the ball python!
The ball python bites you but does no damage.
The ball python is very cold.
You kill the ball python!
The endoplasm hits you.
* * * LOW HITPOINT WARNING * * *
The bullfrog hits you!
You die...

#.≈≈.≈#
#≈≈≈≈#≈#
≈≈.[.≈#
#≈≈≈#†≈#
#≈...##
#≈≈≈≈.≈#
≈≈≈≈≈≈#
#≈≈≈≈.≈#
≈≈≈≈≈≈#
#≈≈≈#≈≈#
≈≈≈≈≈≈#
#≈≈≈≈≈≈#
≈≈≈≈≈≈#
#≈≈≈≈≈≈#
≈≈≈≈≈≈#
#≈≈FFS≈#
≈≈≈≈≈≈#
#≈≈†@≈≈#
≈≈≈≈≈≈#
#≈≈≈J≈≈#
#≈≈.≈.#
##≈.J≈##
......#
#......
.....##
#......#
.....#
+......#
....##
##....##
...##
######
####


You could see 2 bullfrogs, 2 endoplasms and a ball python.

Vanquished Creatures
  6 adders
  4 river rats
  An ufetubus (D:3)
  3 worms (D:2)
  11 ball pythons
  7 bats
  9 endoplasms
  5 giant cockroaches
  4 goblins
  6 hobgoblins
  3 jackals (D:3)
  7 quokkas
  8 frilled lizards
  10 kobolds
  28 rats
112 creatures vanquished.

Vanquished Creatures (others)
  5 plants (D:3)
5 creatures vanquished.

Grand Total: 117 creatures vanquished

Notes
Turn   | Place    | Note
-------+----------+-------------------------------------------
     0 | D:1      | scionoferis the Draconian Conjurer began the quest for the
                  | Orb.
     0 | D:1      | Reached XP level 1. HP: 14/14 MP: 3/3
   275 | D:1      | Reached XP level 2. HP: 20/20 MP: 5/5
   278 | D:1      | Learned a level 2 spell: Searing Ray
   901 | D:2      | Reached XP level 3. HP: 26/26 MP: 1/6
   929 | D:2      | Learned a level 2 spell: Ensorcelled Hibernation
  1153 | D:2      | Reached XP level 4. HP: 33/33 MP: 4/8
  1505 | D:2      | Found Wuphiar's Antique Weapon Shop.
  1907 | D:3      | Reached XP level 5. HP: 38/38 MP: 5/9
  1933 | D:3      | Found a glowing drain.
  1942 | Sewer    | Entered a sewer
  1979 | Sewer    | Reached skill level 1 in Hexes
  2241 | Sewer    | Gained mutation: A frigid envelope surrounds you and
                  | freezes all who hurt you. [potion of mutation]
  2241 | Sewer    | Gained mutation: You have an increased reservoir of magic.
                  | (+10% MP) [potion of mutation]
  2241 | Sewer    | Gained mutation: Your body sometimes deteriorates upon
                  | taking damage. [potion of mutation]
  2242 | Sewer    | Slain by a bullfrog

Illustrated notes

Levels and vault maps discovered:
D:1:      amcnicky_arrival_double_pillar, layout_basic, minivault_11
D:2:      layout_basic, serial_shops, nicolae_shop_window_shopping,
          minmay_surrounded
D:3:      layout_basic, kennysheep_slug_shrine,
          dreamdust_ecumenical_altar_statues, ebering_ghost_inner_flame,
          gup_sewer_entry_bubbles, chequers_big_river
Sewer:    sewer_minmay_w

Skill      XL: |  1  2  3  4  5 |
---------------+----------------+-----
Stealth        | 2 |  2.8
Dodging        | 2 |  2.5
Spellcasting   | 3 |  3.3
Hexes          | 1 |  1.2
Short Blades   | |  0.9
Conjurations   | |  4.7
Ice Magic      | |  0.9

Action                   |  1- 3 |  4- 6 || total
-------------------------+-------+-------++-------
Melee: Short sword       |    23 |    27 ||    50
       Dagger            |     1 |       ||     1
       Tailslap          |     1 |     1 ||     2
 Cast: Magic Dart        |    37 |    50 ||    87
       Searing Ray       |     7 |    22 ||    29
  Use: Scroll            |       |     5 ||     5
       Potion            |       |     2 ||     2
 Stab: Sleeping          |     2 |     2 ||     4
Armor: Skin              |    13 |    25 ||    38
Dodge: Dodged            |     8 |    44 ||    52

Table legend: (Time is in decaauts)
 A = Elapsed time spent in this place.
 B = Non-inter-level travel time spent in this place.
 C = Inter-level travel time spent in this place.
 D = Time resting spent in this place.
 E = Time spent auto-exploring this place.
 F = Levels seen in this place.
 G = Mean time per level.
                   A        B        C        D        E       F      G
               +--------+--------+--------+--------+--------+-----+--------+
         Total |   2329 |   2284 |     45 |     61 |   1434 |   4 |  582.2 |
       Dungeon |   1968 |   1923 |     45 |     20 |   1343 |   3 |  656.0 |
         Sewer |    361 |    361 |      0 |     41 |     91 |   1 |  361.0 |
               +--------+--------+--------+--------+--------+-----+--------+

Top non-repeatable levels by time:
     D:2: 881 daAuts
     D:1: 852 daAuts
   Sewer: 361 daAuts
     D:3: 234 daAuts
